 Dungeon Crawl Stone Soup version 0.19.0-2-gae57169 (webtiles) character file.

2255 lorenzova the Protected (level 9, -7/83 HPs)
             Began as a Minotaur Fighter on Nov 5, 2016.
             Was a Believer of Qazlal.
             Mangled by an orc warrior
             ... wielding a +0 scimitar
              (17 damage)
             ... on level 7 of the Dungeon.
             The game lasted 00:12:30 (5540 turns).

lorenzova the Protected (Minotaur Fighter)          Turns: 5540, Time: 00:12:31

Health: -7/83      AC:  9    Str: 24    XL:     9   Next: 15%
Magic:  8/8        EV:  8    Int:  5    God:    Qazlal [**....]
Gold:   260        SH: 13    Dex: 10    Spells: 0 memorised, 8 levels left

rFire  . . .     SeeInvis .     a - +0 war axe
rCold  . . .     Gourm    .     b - +0 scale mail
rNeg   . . .     Faith    .     c - +0 shield
rPois  .         Spirit   .     (helmet restricted)
rElec  .         Reflect  .     (no cloak)
rCorr  .         Harm     .     H - +0 pair of gloves (curse)
MR     .....                    (no boots)
Stlth  ..........               (no amulet)
                                (no ring)
                                (no ring)

@: drained
A: retaliatory headbutt, horns 2
a: Upheaval, Renounce Religion


You were on level 7 of the Dungeon.
You worshipped Qazlal.
Qazlal was pleased with you.
You were not hungry.

You visited 1 branch of the dungeon, and saw 8 of its levels.
You also visited: Ossuary.

You collected 575 gold pieces.
You spent 315 gold pieces at shops.

Inventory:

Hand Weapons
 a - a +0 war axe (weapon)
Armour
 b - a +0 scale mail (worn)
 c - a +0 shield (worn)
 s - a +0 pair of gloves
 H - a cursed +0 pair of gloves (worn)
Jewellery
 i - an uncursed amulet of harm
 B - an uncursed ring of fire
Wands
 J - a wand of flame (39/48)
 K - a wand of random effects (21/48)
Scrolls
 h - 2 scrolls of identify
 j - a scroll of enchant armour {unknown}
 k - 3 scrolls of amnesia {unknown}
 o - 6 scrolls of teleportation {unknown}
 p - 3 scrolls of recharging {unknown}
 q - 5 scrolls of remove curse {unknown}
 u - 2 scrolls of immolation {unknown}
 x - 2 scrolls of fog {unknown}
 y - 2 scrolls of enchant weapon {unknown}
 E - a scroll of fear {unknown}
Potions
 d - 5 potions of might
 e - a potion of mutation
 g - 4 potions of flight
 l - 2 potions of lignification
 r - a potion of haste
 t - 3 potions of curing
 v - a potion of cancellation
 w - 2 potions of ambrosia
 z - 3 potions of magic {unknown}
 C - a potion of degeneration {unknown}
 D - 3 potions of resistance {unknown}
 F - a potion of beneficial mutation {unknown}
 G - a potion of heal wounds {unknown}
 I - a potion of cure mutation {unknown}
 L - 2 potions of invisibility {unknown}
Comestibles
 f - 5 bread rations
 m - 2 beef jerkies
 n - 2 slices of pizza
 A - a meat ration


   Skills:
 + Level 9.0(7.7) Fighting
 - Level 2.4(1.3) Axes
 + Level 9.4(8.1) Armour
 + Level 9.2(7.9) Shields


You had 8 spell levels left.
You didn't know any spells.

Dungeon Overview and Level Annotations

Branches:
Dungeon (8/15)             Temple (0/1) D:5
   Lair: D:8-11

Altars:
Ashenzari
Cheibriados
Fedhas
Nemelex Xobeh
Qazlal
Sif Muna
Trog
Vehumet

Shops:
D:4 [


Innate Abilities, Weirdness & Mutations

You reflexively headbutt those who attack you in melee.
You have a pair of horns on your head.


Message History

The orc warrior is moderately wounded.
You block the orc warrior's attack.
The orc wizard looks encouraged for a moment.
The orc warrior closely misses you. You furiously retaliate!
You headbutt the orc warrior, but do no damage.
You barely miss the orc warrior.
The orc warrior is moderately wounded.
You block the orc warrior's attack.
You closely miss the orc warrior.
The orc warrior is moderately wounded.
You block the orc warrior's attack.
You hit the orc warrior.
The orc warrior is heavily wounded.
The orc warrior hits you with a scimitar.
* * * LOW HITPOINT WARNING * * *
The orc wizard casts a spell.
The orc wizard flickers and vanishes!
Deactivating autopickup; reactivate with Ctrl-A.
The orc warrior hits you with a scimitar!
You die...

..## ...# #..# ## #..#
##.. #..# #.... #..###
.....{###..#.###########
....oWo@....#......>....
....ZF####.#.###########
....# #.#.# ... ..... .
##.#... #.#.### #.#.#
#.#.# ...


You could see a phantom, an orc warrior, a bullfrog, an orc and a centaur
zombie.

Vanquished Creatures
  Pikel (D:5)
  Sigmund (D:5)
  A wyvern (D:8)
  Menkaure (D:4)
  Edmund (D:4)
  An orc warrior (D:4)
  A phantom (D:5)
  An ogre (D:5)
  A centaur (D:5)
  A bullfrog (D:6)
  4 scorpions
  A bullfrog skeleton (D:4)
  2 jellies
  3 orc priests
  4 orc wizards
  8 mummies (Ossuary)
  A hound skeleton (D:4)
  A worker ant zombie (D:6)
  2 gnolls (D:2)
  10 adders
  An ooze (D:3)
  2 worms
  2 leopard geckos (D:2)
  26 orcs
  4 bats
  A giant cockroach (D:1)
  A gnoll zombie (Ossuary)
  4 hobgoblins
  9 jackals
  4 kobolds
  5 quokkas
  A ball python (D:2)
  3 frilled lizards (D:1)
  2 hobgoblin zombies (Ossuary)
  A jackal zombie (D:5)
  3 kobold zombies (Ossuary)
  2 orc zombies (Ossuary)
  A quokka zombie (D:6)
  6 rats
124 creatures vanquished.

Vanquished Creatures (others)
  A gnoll (D:2)
  A jackal (D:5)
  A rat (D:2)
3 creatures vanquished.

Grand Total: 127 creatures vanquished

Notes
Turn   | Place    | Note
-------+----------+-------------------------------------------
     0 | D:1      | lorenzova the Minotaur Fighter began the quest for the Orb.
     0 | D:1      | Reached XP level 1. HP: 19/19 MP: 0/0
   166 | D:1      | Reached XP level 2. HP: 22/27 MP: 1/1
   554 | D:2      | Found a radiant altar of Vehumet.
   657 | D:2      | Reached XP level 3. HP: 29/33 MP: 2/2
  1087 | D:3      | Reached XP level 4. HP: 40/40 MP: 3/3
  1122 | D:3      | Found a shattered altar of Ashenzari.
  1359 | D:3      | Found a blossoming altar of Fedhas.
  1731 | D:4      | Reached skill level 5 in Armour
  1736 | D:4      | Reached XP level 5. HP: 12/47 MP: 4/4
  1744 | D:4      | Reached skill level 5 in Shields
  1821 | D:4      | Noticed Edmund
  1855 | D:4      | Found a deep blue altar of Sif Muna.
  1891 | D:4      | Noticed an orc warrior
  1896 | D:4      | Reached skill level 5 in Fighting
  2139 | D:4      | Reached XP level 6. HP: 35/56 MP: 5/5
  2196 | D:4      | Noticed Menkaure
  2202 | D:4      | Killed Menkaure
  2349 | D:4      | Killed Edmund
  2349 | D:4      | Reached XP level 7. HP: 49/63 MP: 6/6
  2384 | D:4      | Found Kamojaep's Antique Armour Boutique.
  2771 | D:5      | Entered Level 5 of the Dungeon
  2836 | D:5      | Found a bloodstained altar of Trog.
  2836 | D:5      | Found a faded altar of an unknown god.
  2841 | D:5      | Found a faded altar of an unknown god.
  2843 | D:5      | Found a stormy altar of Qazlal.
  2845 | D:5      | Found a snail-covered altar of Cheibriados.
  2850 | D:5      | Became a worshipper of Qazlal Stormbringer
  2986 | D:5      | Found a sand-covered staircase.
  2992 | Ossuary  | Entered an ossuary
  3391 | D:5      | Reached * piety under Qazlal
  3391 | D:5      | Reached XP level 8. HP: 51/73 MP: 7/7
  3398 | D:5      | Noticed Sigmund
  3408 | D:5      | Killed Sigmund
  3633 | D:5      | Found a staircase to the Ecumenical Temple.
  4098 | D:5      | Noticed Pikel
  4118 | D:5      | Killed Pikel
  4459 | D:5      | Reached XP level 9. HP: 75/82 MP: 8/8
  4723 | D:4      | Bought a pair of embroidered gloves for 315 gold pieces
  5359 | D:6      | Found a sparkling altar of Nemelex Xobeh.
  5498 | D:6      | You fall through a shaft for 2 floors!
  5503 | D:8      | Reached ** piety under Qazlal
  5540 | D:7      | Mangled by an orc warrior

Skill      XL: |  1  2  3  4  5  6  7  8  9 |
---------------+----------------------------+-----
Shields        | 4 5 6 7 8 9 |  9.2
Armour         | 4 5 6 7 9 |  9.4
Fighting       | 4 5 6 7 8 9 |  9.0
Axes           | |  2.4

Action                   |  1- 3 |  4- 6 |  7- 9 || total
-------------------------+-------+-------+-------++-------
Melee: War axe           |    74 |   103 |   204 ||   381
       Headbutt          |    14 |    15 |    40 ||    69
  Use: Scroll            |       |       |     7 ||     7
       Potion            |       |       |     1 ||     1
  Eat: Chunk             |       |     5 |     6 ||    11
       Pizza             |       |       |     1 ||     1
       Meat ration       |       |       |     1 ||     1
Armor: Scale mail        |    32 |    61 |    54 ||   147
Dodge: Dodged            |    18 |    36 |    54 ||   108
Block: Shield            |    36 |    59 |   114 ||   209
